 Dungeon Crawl Stone Soup version 0.30-a0-534-gdc55766716 (webtiles) character file.

Game seed: 17555346466145821657

142172 Jackthecabe the Destroyer (level 16, -7/139 HPs)
             Began as a Demigod Conjurer on Dec 24, 2022.
             Mangled by a spriggan rider
             ... wielding a +0 spear
              (22 damage)
             ... on level 3 of the Swamp.
             The game lasted 02:04:08 (47341 turns).

Jackthecabe the Destroyer (Demigod Conjurer)       Turns: 47341, Time: 02:04:09

Health: -7/139     AC: 15    Str:  8    XL:     16   Next: 28%
Magic:  7/31       EV: 12    Int: 40    God:
Gold:   1382       SH:  0    Dex: 14    Spells: 2/29 levels left

rFire   + . .      SeeInvis .    F - +4 triple sword (holy)
rCold   + . .      Faith    .    (shield currently unavailable)
rNeg    . . .      Spirit   .    n - +2 leather armour {Will+}
rPois   .          Reflect  .    g - +2 helmet
rElec   +          Harm     .    j - +1 cloak of Claustrophobia {Drain rElec Dex+2}
rCorr   .          Rampage  .    (no gloves)
Will    +++..                    Z - +2 pair of boots
Stlth   ++                       k - amulet of regeneration
HPRegen 1.23/turn                f - ring of protection from fire
MPRegen 0.22/turn                o - ring "Peph" {rC+ Will+}

@: lethally poisoned (-7 -> -13), grasped by roots, constricted
A: high MP 1, forlorn, divine attributes
a: no special abilities


You were on level 3 of the Swamp.
You visited 4 branches of the dungeon, and saw 25 of its levels.

You collected 2479 gold pieces.
You spent 1097 gold pieces at shops.


Innate Abilities, Weirdness & Mutations

You have an increased reservoir of magic. (+10% MP)
You shall have no god before yourself.
Your divine heritage dramatically boosts your attributes as you level up.


   Skills:
 - Level 12.0 Fighting
 - Level 8.0 Armour
 - Level 8.0 Dodging
 - Level 1.7 Stealth
 - Level 5.0 Shields
 - Level 7.0 Spellcasting
 - Level 12.0 Conjurations
 - Level 6.0 Hexes
 + Level 7.5 Necromancy
 - Level 6.0 Translocations
 - Level 12.0 Earth Magic
 - Level 5.0 Evocations


You had 2 spell levels left.
You knew the following spells:

 Your Spells              Type           Power      Damage    Failure   Level
b - Borgnjor's Vile Clut  Necr/Erth      37%        N/A       1%          5
c - Mephitic Cloud        Conj/Pois/Air  46%        N/A       1%          3
f - Fulminant Prism       Conj/Hex       36%        3d17      1%          4
l - Lee's Rapid Deconstr  Erth           41%        3d20*     1%          5
m - Magic Dart            Conj           100%       1d8       1%          1
r - Frozen Ramparts       Ice            28%        1d5       10%         3
s - Searing Ray           Conj           100%       2d8       1%          2
X - Iskenderun's Mystic   Conj/Tloc      72%        2d15      1%          4

Your spell library contained the following spells:

 Spells                   Type           Power      Damage    Failure   Level
 Kiss of Death            Conj/Necr      100%       2d13      1%          1
 Necrotise                Necr           100%       1d9       1%          1
 Call Imp                 Summ           14%        N/A       4%          2
 Confusing Touch          Hex            58%        N/A       1%          3
 Dazzling Flash           Conj/Hex       100%       N/A       1%          3
 Gell's Gravitas          Tloc           58%        N/A       1%          3
 Hailstorm                Conj/Ice       58%        3d13      1%          3
 Teleport Other           Tloc           58%        N/A       1%          3
 Vampiric Draining        Necr           65%        2d10      1%          3
 Animate Dead             Necr           65%        N/A       1%          4
 Dispel Undead            Necr           65%        3d22      1%          4
 Kindle Blastsparks       Fire/Tloc/Air  60%        2d15      4%          3
 Agony                    Necr           65%        N/A       4%          5
 Death Channel            Necr           32%        N/A       22%         6
 Ice Form                 Ice/Tmut       14%        N/A       30%         4
 Summon Ice Beast         Ice/Summ       14%        N/A       30%         4
 Dispersal                Tloc           29%        N/A       38%         6
 Simulacrum               Ice/Necr       22%        N/A       71%         6

Inventory:

Hand Weapons
 z - the +6 whip of Dimyam {vorpal, *Slow rElec Dex+2 SInv}
   (You found it on level 4 of the Dungeon)

   It inflicts extra damage upon your enemies.
   Dex:       It affects your dexterity (+2).
   rElec:     It insulates you from electricity.
   SInv:      It lets you see invisible.
   *Slow:     It may slow you when you take damage.
 F - a +4 triple sword of holy wrath (weapon)
Missiles
 s - a throwing net {=f}
 O - 2 curare-tipped darts {=f}
Armour
 g - a +2 helmet (worn)
 j - the +1 cloak of Claustrophobia (worn) {Drain rElec Dex+2}
   (You found it on level 15 of the Dungeon)

   Dex:       It affects your dexterity (+2).
   rElec:     It insulates you from electricity.
   Drain:     It drains your maximum health when unequipped.
 n - a +2 leather armour of willpower (worn)
 H - a +0 buckler
 Z - a +2 pair of boots (worn)
Magical Staves
 y - a staff of death {!a}
Jewellery
 c - a ring of protection from cold
 f - a ring of protection from fire (left hand)
 k - an amulet of regeneration (around neck)
 o - the ring "Peph" (right hand) {rC+ Will+}
   (You bought it in a shop on level 2 of the Orcish Mines)

   [ring of protection from cold]

   rC:        It protects you from cold.
   Will:      It increases your willpower.
 x - an amulet of the acrobat
 C - a ring of protection from cold
 D - a +6 ring of dexterity
 S - a +6 ring of strength
Wands
 d - a wand of mindburst (21)
 v - a wand of polymorph (17)
 E - a wand of iceblast (6)
 P - a wand of paralysis (7)
 Q - a wand of flame (2)
Scrolls
 e - 7 scrolls of amnesia
 h - 5 scrolls of enchant armour
 i - a scroll of summoning
 l - 4 scrolls of vulnerability
 t - 2 scrolls of blinking
 G - 2 scrolls of silence {!r}
 I - 2 scrolls of teleportation {@r2}
 K - 8 scrolls of poison
 L - 3 scrolls of immolation
 M - 4 scrolls of magic mapping
 N - 2 scrolls of fog
 T - 2 scrolls of enchant weapon
 V - 4 scrolls of fear
 X - a scroll of brand weapon
Potions
 a - 3 potions of lignification {unknown}
 b - 3 potions of resistance {unknown}
 m - 4 potions of invisibility {unknown}
 p - 3 potions of berserk rage {unknown}
 q - a potion of cancellation
 r - 4 potions of curing {@q1}
 u - 4 potions of ambrosia
 w - 2 potions of attraction {unknown}
 A - 5 potions of haste {@q3}
 B - a potion of heal wounds {@q2}
 J - 2 potions of flight {unknown}
 R - 7 potions of might
 U - 2 potions of mutation
 W - 3 potions of brilliance
 Y - a potion of magic

Dungeon Overview and Level Annotations

Branches:
Dungeon (15/15)            Temple (0/1) D:5            Lair (5/5) D:8
  Swamp (3/4) Lair:3       Spider (0/4) Lair:3          Orc (2/2) D:9
    Elf (0/3) Orc:2        Vaults (0/5) D:14         Depths (0/4) D:15
  Slime: Lair:4-5

Shops:
D:3 [   D:7 (   Orc:2 ([=*

Annotations:
D:13 2 runed translucent doors
Lair:5 1 runed translucent door, Rupert

♣♣..~♣..♣♣ ~~~~
♣.~~....~♣♣♣♣.§~~.♣♣
♣.~^♣.~~.~~♣~..~~.~♣ ♣♣♣♣♣♣♣♣
♣♣~♣♣.~).........~.♣ ♣~..~~.[
♣~♣♣♣♣♣○~~°~..~~~..~♣.~~~~..
♣♣..♣ ♣°○~.♣~.~~[...~.~~~§~.
♣.~~♣ ♣♣.D.♣♣~..~~....~~~.~.
♣.D~♣♣ ♣.~☼☼☼i..~~..~~...~i.
♣~..~♣ ♣.§○@f~~....~~~~f~~~~
♣♣♣.~~.♣♣♣.☼☼○~~....~~~~..~~~
..~~.♣ ♣♣♣°~☼~.~.§♣~~~~~§~~
♣.~♣♣.♣ ♣~~~!..♣♣♣......~~
~~.♣ ♣♣ ♣.~.♣♣♣♣ ♣♣♣♣♣P.PP
♣.~.♣ ♣♣♣♣.


P.PPP ♣~~§. .~ ..~.~ ♣~§~~ §~~ You could see a shambling mangrove, a swamp
dragon and a spriggan rider.


Message History

You feel very sick.
The swamp dragon breathes poison at you.
The blast of poison engulfs you but does no damage.
You are more poisoned.
The spriggan rider misses you.
Roots burst forth from the earth!
The grasping roots grab you! The grasping roots constrict you!
* * * LOW HITPOINT WARNING * * *
The spriggan rider hits you from afar with a +0 spear.
* * * LOW HITPOINT WARNING * * *
There is a stone staircase leading up, spattered with blood here.
Unknown command.
The roots grasp on you weakens, but your attempt to escape fails.
You are engulfed in poison gas.
You are more poisoned.
* * * LOW HITPOINT WARNING * * *
You feel extremely sick. The grasping roots constrict you!
* * * LOW HITPOINT WARNING * * *
The spriggan rider hits you but does no damage.
Unknown command.
Unknown command.
You feel better.
You are engulfed in poison gas.
You are poisoned.
* * * LOW HITPOINT WARNING * * *
You feel very sick. The grasping roots constrict you!
* * * LOW HITPOINT WARNING * * *
The spriggan rider hits you from afar with a +0 spear!!
You die...

Skill      XL: |  1  2  3  4  5  6  7  8  9 10 11 12 13 14 15 16 |
---------------+-------------------------------------------------+-----
Spellcasting   | 2 3 4 5 7 |  7.0
Conjurations   | 4 5 6 8 10 11 12 | 12.0
Hexes          | 1 2 4 6 |  6.0
Translocations | 3 6 |  6.0
Fighting       | 4 6 10 12 | 12.0
Shields        | 5 |  5.0
Evocations     | 3 4 5 |  5.0
Armour         | 5 8 |  8.0
Dodging        | 5 7 8 |  8.0
Earth Magic    | 9 10 12 | 12.0
Necromancy     | 3 7 |  7.5
Stealth        | |  1.7

Action                   |  1- 3 |  4- 6 |  7- 9 | 10-12 | 13-15 | 16-18 || total
-------------------------+-------+-------+-------+-------+-------+-------++-------
Melee: Short sword       |     3 |       |       |       |       |       ||     3
       Whip              |       |       |    20 |    70 |   125 |       ||   215
       Punch             |       |       |     1 |       |       |       ||     1
       Triple sword      |       |       |       |       |    65 |    40 ||   105
 Cast: Magic Dart        |    90 |    67 |   138 |   272 |   212 |    38 ||   817
       Searing Ray       |     5 |    20 |    41 |    47 |     5 |     2 ||   120
       Fulminant Prism   |       |     1 |    21 |    87 |    50 |    27 ||   186
       Iskenderun's Myst |       |       |    16 |    92 |   174 |    14 ||   296
       Mephitic Cloud    |       |       |       |    13 |     2 |       ||    15
       Lee's Rapid Decon |       |       |       |    33 |   284 |     1 ||   318
       Borgnjor's Vile C |       |       |       |       |     5 |    47 ||    52
       Frozen Ramparts   |       |       |       |       |     5 |       ||     5
Evoke: Wand              |       |       |     6 |    16 |    30 |     4 ||    56
  Use: Potion            |       |       |     1 |       |    12 |     3 ||    16
       Scroll            |       |       |     7 |     3 |    15 |     5 ||    30
 Stab: Paralysed         |       |       |       |       |    25 |       ||    25
Armor: Robe              |     2 |     7 |    19 |       |       |       ||    28
       Steam dragon scal |       |       |     9 |    18 |       |       ||    27
       Leather armour    |       |       |       |    41 |   211 |    36 ||   288
Dodge: Dodged            |     9 |    10 |   114 |   151 |   507 |    64 ||   855
Block: Buckler           |       |       |       |    45 |   144 |       ||   189

Levels and vault maps discovered:
D:1:      psy_arrival_spokes, layout_basic
D:2:      layout_basic, serial_glass, glass_columns_c, glass_columns_a,
          basic_altar, uniq_robin
D:3:      layout_loops_ring, ebering_ecumenical_altar_hall, serial_shops,
          nicolae_shop_crystal
D:4:      layout_rooms, serial_curves, eino_curves_03, eino_curves_01,
          eino_curves_02, uniq_menkaure, uniq_blork_the_orc
D:5:      layout_basic, minmay_temple_entry_wispy, uniq_eustachio
D:6:      layout_layer_cave, mainiacjoe_overflow_brackets
D:7:      layout_rooms, serial_undead, serial_undead_b, serial_undead_f,
          serial_undead_e, serial_undead_a, serial_shops,
          nicolae_shop_bloodbath_and_beyond, dreamdust_gnoll_farm
D:8:      layout_rooms, erik_lair_island
D:9:      layout_long_grid, nemelex_xobeh_ov_fountains_minmay, hiddenorc1_lemuel
D:10:     layout_small_grid, statue_in_the_mist_lemuel
D:11:     layout_long_grid
D:12:     layout_roguey
D:13:     minmay_the_grid_triangle_9x9_recursive_3_mashed
          [minmay_the_grid_triangle_9x9_zippers_horizontal,
          minmay_the_grid_triangle_9x9_pentomino_pain,
          minmay_the_grid_triangle_9x9_stretched_checkered,
          minmay_the_grid_triangle_9x9_prize_insulated,
          minmay_the_grid_triangle_9x9_checkered,
          minmay_the_grid_triangle_9x9_cache,
          minmay_the_grid_triangle_9x9_descending_squares,
          minmay_the_grid_triangle_9x9_windchime,
          minmay_the_grid_triangle_9x9_tough_junction], layout_loops_cross,
          serial_bayou, serial_bayou_shore_a, serial_bayou_ford_a,
          serial_bayou_pond_d, serial_bayou_lagoon_a
D:14:     layout_roguey, grunt_vaults_entry_fortified
D:15:     gammafunk_depths_entry_grave, layout_basic, nicolae_titane,
          grunt_ministairs_14, makhleb_altar_promises_db
Lair:1:   layout_cave_pods
Lair:2:   beast_lair_carwin_large_1, layout_gridlike, special_room
          [special_room_bee]
Lair:3:   layout_gridlike, minmay_swamp_entry_swarm,
          nicolae_spider_entry_non_spiders, disabler_island,
          lemuel_fruit_fields, serial_bayou_shore_b, uniq_nessos
Lair:4:   layout_roguey, hangedman_tree_tricks, serial_bayou_pond_e,
          beast_lair_carwin_9
Lair:5:   cheibrodos_lair_end_hotspot, layout_regular_city, slime_entry_2,
          st_stairs_11, guppyfry_lair_drakes, uniq_kirke, uniq_rupert
Swamp:1:  layout_basic_swamp, evilmike_swamp_ruin_house_3,
          nicolae_swamp_feature_on_the_river_bank
Swamp:2:  layout_falls_marsh, evilmike_swamp_ruin_house_4
Swamp:3:  layout_basic_swamp, evilmike_swamp_ruin_rubble_2, swamp_pool1,
          uniq_donald
Orc:1:    layout_diamond_mine, basic_altar, lightli_orcish_oven
Orc:2:    grunt_orc_cross, layout_caves, lightli_church_of_beogh

Notes
Turn   | Place    | Note
-------+----------+-------------------------------------------
     0 | D:1      | Jackthecabe the Demigod Conjurer began the quest for the
                  | Orb.
     0 | D:1      | Reached XP level 1. HP: 14/14 MP: 5/5
   131 | D:1      | Reached skill level 2 in Spellcasting
   317 | D:1      | Reached XP level 2. HP: 20/20 MP: 3/7
   320 | D:1      | Learned a level 2 spell: Searing Ray
   820 | D:1      | Reached skill level 4 in Conjurations
  1367 | D:2      | Reached XP level 3. HP: 26/26 MP: 6/9
  1731 | D:2      | Noticed Robin
  1772 | D:2      | Killed Robin
  2182 | D:2      | Reached skill level 3 in Spellcasting
  2182 | D:2      | Reached XP level 4. HP: 33/33 MP: 7/11
  2187 | D:2      | Learned a level 4 spell: Fulminant Prism
  2852 | D:3      | Reached skill level 1 in Hexes
  3232 | D:3      | Reached XP level 5. HP: 19/38 MP: 2/12
  3431 | D:3      | Found Gukapleca's Antique Armour Shop.
  3495 | D:4      | You fall into a shaft and drop 3 floors!
  3640 | D:6      | Reached skill level 5 in Conjurations
  3640 | D:6      | Reached skill level 2 in Hexes
  3959 | D:5      | Entered Level 5 of the Dungeon
  3977 | D:5      | Reached XP level 6. HP: 45/45 MP: 7/13
  3984 | D:5      | Reached skill level 3 in Hexes
  4354 | D:5      | Found a staircase to the Ecumenical Temple.
  4388 | D:4      | Identified the +6 whip of Dimyam {vorpal, *Slow rElec Dex+2
                  | SInv}
  4414 | D:4      | Noticed Blork the orc
  4420 | D:4      | Killed Blork the orc
  4421 | D:4      | Reached skill level 6 in Conjurations
  4612 | D:4      | Reached skill level 4 in Hexes
  4651 | D:4      | Reached XP level 7. HP: 50/50 MP: 4/14
  4909 | D:4      | Reached skill level 5 in Hexes
  5131 | D:4      | Noticed Menkaure
  5151 | D:4      | Killed Menkaure
  5482 | D:5      | Learned a level 4 spell: Iskenderun's Mystic Blast
  5563 | D:5      | Noticed Eustachio
  5568 | D:5      | Killed Eustachio
  5569 | D:5      | Reached skill level 6 in Hexes
  5569 | D:5      | Reached skill level 2 in Translocations
  5859 | D:5      | Reached skill level 3 in Translocations
  5859 | D:5      | Reached XP level 8. HP: 57/57 MP: 5/15
  6164 | D:5      | Reached skill level 4 in Translocations
  6782 | D:6      | Reached skill level 5 in Translocations
  7748 | D:7      | Found Alailul's Weapon Shoppe.
  7754 | D:7      | Reached skill level 6 in Translocations
  7756 | D:7      | Reached skill level 1 in Fighting
  7758 | D:7      | Reached skill level 2 in Fighting
  7933 | D:7      | Reached skill level 3 in Fighting
  7936 | D:7      | Reached skill level 4 in Fighting
  8178 | D:7      | Reached XP level 9. HP: 71/71 MP: 7/16
  8527 | D:7      | Reached skill level 7 in Conjurations
  9164 | D:8      | Reached skill level 8 in Conjurations
  9187 | D:8      | Reached skill level 2 in Shields
  9377 | D:8      | Reached skill level 3 in Shields
  9389 | D:8      | Noticed a komodo dragon
  9418 | D:7      | Killed a komodo dragon
  9419 | D:7      | Reached skill level 4 in Shields
  9673 | D:8      | Reached skill level 5 in Shields
  9815 | D:8      | Learned a level 3 spell: Mephitic Cloud
  9829 | D:8      | Reached skill level 1 in Evocations
  9886 | D:8      | Reached skill level 2 in Evocations
 10052 | D:8      | Reached skill level 3 in Evocations
 10052 | D:8      | Reached XP level 10. HP: 78/78 MP: 8/17
 10267 | D:8      | Reached skill level 9 in Conjurations
 10452 | D:8      | Found a staircase to the Lair.
 11063 | D:9      | Reached skill level 4 in Spellcasting
 11640 | D:9      | Found a staircase to the Orcish Mines.
 11737 | D:10     | Entered Level 10 of the Dungeon
 11744 | D:10     | Reached skill level 5 in Fighting
 11948 | D:10     | Reached skill level 4 in Evocations
 12826 | D:11     | Reached skill level 6 in Fighting
 12961 | D:11     | Noticed a cyclops
 12967 | D:11     | Killed a cyclops
 12978 | D:11     | Noticed a two-headed ogre
 12988 | D:11     | Killed a two-headed ogre
 13583 | D:11     | Reached skill level 10 in Conjurations
 13757 | D:11     | Reached XP level 11. HP: 89/89 MP: 6/21
 14118 | D:11     | Reached skill level 5 in Spellcasting
 14411 | Lair:1   | Entered Level 1 of the Lair of Beasts
 14831 | Lair:1   | Reached skill level 11 in Conjurations
 14939 | Lair:1   | Reached skill level 1 in Armour
 15398 | Lair:1   | Reached skill level 2 in Armour
 15507 | Lair:1   | Reached skill level 3 in Armour
 15571 | D:8      | Reached skill level 4 in Armour
 15877 | Lair:1   | Reached skill level 5 in Armour
 15950 | Lair:1   | Reached skill level 2 in Dodging
 16097 | Lair:1   | Reached skill level 3 in Dodging
 16529 | Lair:2   | Reached skill level 4 in Dodging
 16792 | Lair:2   | Reached skill level 5 in Dodging
 17428 | Lair:2   | Noticed a four-headed hydra
 17502 | Lair:2   | Killed a four-headed hydra
 17647 | Lair:2   | Reached XP level 12. HP: 96/96 MP: 4/23
 18403 | Lair:3   | Reached skill level 12 in Conjurations
 18425 | Lair:3   | Reached skill level 1 in Earth Magic
 18644 | Lair:3   | Learned a level 5 spell: Lee's Rapid Deconstruction
 18653 | Lair:3   | Found a hole to the Spider Nest.
 18745 | Lair:3   | Reached skill level 2 in Earth Magic
 18838 | Lair:3   | Reached skill level 3 in Earth Magic
 19485 | Lair:3   | Noticed Nessos
 19519 | Lair:3   | Reached skill level 4 in Earth Magic
 19519 | Lair:3   | Killed Nessos
 19830 | Lair:3   | Found a staircase to the Swamp.
 20135 | Lair:4   | Reached skill level 5 in Earth Magic
 20435 | Lair:4   | Noticed a six-headed hydra
 20576 | Lair:4   | Reached skill level 6 in Earth Magic
 21154 | Lair:4   | Killed a six-headed hydra
 21188 | Lair:4   | Reached skill level 7 in Earth Magic
 22066 | Lair:4   | Identified the +0 scale mail of the Barber Surgeon {rElec
                  | rPois Str-3 Int+2}
 22074 | Lair:4   | Identified the +1 robe of Wawane {Harm Archmagi}
 22414 | Lair:4   | Reached skill level 8 in Earth Magic
 22553 | Lair:5   | Entered Level 5 of the Lair of Beasts
 22673 | Lair:5   | Noticed a six-headed hydra
 22673 | Lair:5   | Noticed an eight-headed hydra
 22818 | Lair:5   | Noticed a five-headed hydra
 23231 | Lair:5   | Reached skill level 9 in Earth Magic
 23539 | Lair:5   | Noticed a catoblepas
 23708 | Lair:4   | Killed a five-headed hydra
 23797 | Lair:4   | Reached XP level 13. HP: 102/104 MP: 11/24
 23874 | Lair:4   | Reached skill level 7 in Fighting
 24347 | Lair:3   | Reached skill level 5 in Evocations
 24749 | Lair:5   | Reached skill level 8 in Fighting
 25084 | Lair:4   | Reached skill level 9 in Fighting
 26038 | Lair:5   | Found a runed translucent door.
 26268 | Lair:5   | Noticed Rupert
 26385 | Lair:4   | Reached skill level 10 in Fighting
 26931 | Lair:5   | Reached skill level 6 in Dodging
 27551 | Lair:5   | Paralysed by Rupert for 4 turns
 28025 | Orc:1    | Entered Level 1 of the Orcish Mines
 28517 | D:9      | Reached skill level 7 in Dodging
 29069 | Orc:2    | Entered Level 2 of the Orcish Mines
 29069 | Orc:2    | Found a staircase to the Elven Halls.
 30557 | Orc:2    | Noticed an orc warlord
 30848 | Orc:2    | HP: 11/113 [troll[an orc warlord] (8)]
 30857 | Orc:2    | Reached skill level 10 in Earth Magic
 31848 | Orc:2    | Reached XP level 14. HP: 90/122 MP: 10/25
 31935 | Orc:2    | Found Musokacve's General Store.
 31995 | Orc:2    | Found Yviyv's Antique Armour Shoppe.
 32014 | Orc:2    | Found a runed translucent door.
 32117 | Orc:2    | Found Mogha's Jewellery Shoppe.
 32133 | Orc:2    | Found Nocsuc's Antique Weapon Shoppe.
 33888 | Orc:2    | Identified a potion of experience
 33889 | Orc:2    | Reached skill level 12 in Fighting
 33889 | Orc:2    | Reached XP level 15. HP: 132/132 MP: 26/26
 33934 | Orc:2    | Bought the ring "Peph" {rC+ Will+} for 488 gold pieces
 33952 | Orc:2    | Bought a masterwork leather armour for 189 gold pieces
 33952 | Orc:2    | Identified the +1 leather armour of Pragmatism {*Corrode
                  | rElec rN+++ Str+3} (You bought it in a shop on level 2 of
                  | the Orcish Mines)
 33968 | Orc:2    | Bought a transparent quarterstaff for 252 gold pieces
 33968 | Orc:2    | Identified the +6 quarterstaff "Nayren Ivech" {elec, Str+5}
                  | (You bought it in a shop on level 2 of the Orcish Mines)
 33984 | Orc:2    | Bought a potion of might for 56 gold pieces
 33984 | Orc:2    | Bought a potion of mutation for 112 gold pieces
 34935 | D:12     | Reached skill level 6 in Spellcasting
 36181 | D:13     | Reached skill level 8 in Dodging
 37628 | D:13     | Reached skill level 11 in Earth Magic
 38586 | D:12     | Learned a level 3 spell: Frozen Ramparts
 39317 | D:13     | Found a runed translucent door.
 39514 | D:13     | Found a runed translucent door.
 39851 | D:14     | Reached skill level 12 in Earth Magic
 40708 | D:14     | Reached skill level 6 in Armour
 41569 | D:14     | Reached skill level 7 in Armour
 42246 | D:14     | Found a gate to the Vaults.
 42549 | D:15     | Entered Level 15 of the Dungeon
 42552 | D:15     | Reached skill level 8 in Armour
 42560 | D:14     | Learned a level 5 spell: Borgnjor's Vile Clutch
 43027 | D:15     | Identified the +1 cloak of Claustrophobia {Drain rElec
                  | Dex+2}
 43077 | D:15     | Reached skill level 7 in Spellcasting
 43083 | D:15     | Reached skill level 1 in Necromancy
 43415 | D:15     | Reached skill level 2 in Necromancy
 43596 | D:15     | Found a staircase to the Depths.
 43679 | D:15     | Reached skill level 3 in Necromancy
 44209 | Swamp:1  | Entered Level 1 of the Swamp
 44252 | Swamp:1  | Reached XP level 16. HP: 61/139 MP: 4/31
 44694 | Swamp:1  | Reached skill level 4 in Necromancy
 45307 | Swamp:1  | Reached skill level 5 in Necromancy
 45486 | Swamp:1  | HP: 5/139 [bog body (14)]
 45505 | Swamp:1  | HP: 12/139 [ghost crab] (4)]
 45639 | Swamp:1  | Upgraded the game from 0.30-a0-528-g8c47a4955b to
                  | 0.30-a0-534-gdc55766716
 45658 | Swamp:1  | Reached skill level 6 in Necromancy
 46394 | Swamp:2  | Reached skill level 7 in Necromancy
 47341 | Swamp:3  | Mangled by a spriggan rider

Vanquished Creatures
  A thorn hunter (Swamp:3)
  A ghost moth (shapeshifter) (D:13)
  A quicksilver ooze (shapeshifter) (D:13)
  2 eleionomae (Swamp:1)
  Nessos (Lair:3)
  2 bunyips (Swamp:1)
  An ettin (D:9)
  A ghost crab (Swamp:1)
  10 hydras
  4 vault guards (D:14)
  5 centaur warriors
  6 boulder beetles
  4 alligators (Swamp:1)
  A catoblepas (D:14)
  5 two-headed ogres
  2 death yaks
  2 tengu warriors
  2 orc high priests (Orc:2)
  A deep elf knight (D:14)
  2 spriggans
  2 skeletal warriors (D:15)
  A spark wasp zombie (D:15)
  A shadow wraith (D:13)
  2 swamp dragons
  4 bog bodies
  A phantasmal warrior (D:15)
  A wizard (D:14)
  4 orc knights
  A lindwurm (Lair:5)
  A necromancer (D:15)
  2 oklob plants (Lair:4)
  A deep elf pyromancer (D:13)
  A deep elf zephyrmancer (D:13)
  7 orc sorcerers
  6 ugly things
  5 manticores
  2 stone giant zombies (D:15)
  5 will-o-the-wisps
  10 elephants
  6 cyclopes
  A torpor snail (Lair:5)
  A black mamba (Lair:5)
  5 gargoyles
  6 cane toads
  3 unseen horrors
  A demonic crawler (Lair:2)
  3 rime drakes
  A spriggan zombie (D:15)
  16 komodo dragons
  A kobold demonologist (D:12)
  3 tengu conjurers
  An efreet (D:15)
  A queen bee (Lair:2)
  2 polar bears
  11 trolls
  3 hornets
  5 tyrant leeches
  A bloated husk (Swamp:2)
  16 blink frogs
  6 slime creatures (D:14)
  17 dream sheep
  2 shadows
  2 water elementals
  6 wyverns
  Eustachio (D:5)
  7 basilisks
  60 yaks
  5 wraiths
  2 steam dragons
  10 swamp worms
  Menkaure (D:4)
  4 acid dragons
  9 vampire mosquitoes
  5 wargs
  9 water moccasins
  A sky beast (D:7)
  A swamp drake (Lair:4)
  26 orc warriors
  3 black bears
  An ice beast (D:8)
  3 ogres
  12 wolves
  3 centaurs
  Blork the orc (D:4)
  2 kobold brigands
  15 bullfrogs
  A wyvern zombie (D:7)
  A gnoll sergeant (D:9)
  A necrophage (D:5)
  5 scorpions
  4 wights (D:7)
  33 killer bees
  10 electric eels
  2 howler monkeys
  3 centaur zombies (D:7)
  9 hounds
  A jelly (D:6)
  19 orc priests
  8 iguanas
  26 orc wizards
  Robin (D:2)
  14 gnolls
  8 adders
  4 shadow imps
  A white imp (D:6)
  2 dart slugs
  3 worms
  80 orcs
  7 ball pythons
  6 bats
  7 endoplasms
  4 giant cockroaches
  17 goblins
  12 hobgoblins
  14 kobolds
  3 quokkas
  5 frilled lizards
  2 rats (D:3)
  7 briar patches (Swamp:3)
  A butterfly (Lair:3)
  A fulminant prism (Lair:3)
734 creatures vanquished.

Vanquished Creatures (collateral kills)
  A rakshasa (D:15)
  A centaur warrior (D:15)
2 creatures vanquished.

Vanquished Creatures (others)
  A catoblepas (Lair:5)
  A black mamba (Lair:4)
  A bloated husk (Swamp:3)
  A troll (Orc:1)
  An orc (D:8)
  A briar patch (Swamp:3)
  26 foxfires
  185 fulminant prisms
  51 fungi
  97 plants
  10 withered plants
375 creatures vanquished.

Grand Total: 1111 creatures vanquished

Table legend: (Time is in decaauts)
 A = Elapsed time spent in this place.
 B = Non-inter-level travel time spent in this place.
 C = Inter-level travel time spent in this place.
 D = Time resting spent in this place.
 E = Time spent auto-exploring this place.
 F = Levels seen in this place.
 G = Mean time per level.
                   A        B        C        D        E       F      G
               +--------+--------+--------+--------+--------+-----+--------+
         Total |  47736 |  45703 |   2033 |  19188 |  19876 |  25 | 1909.4 |
       Dungeon |  25196 |  24168 |   1028 |   7943 |  13049 |  15 | 1679.7 |
          Lair |  13561 |  12884 |    677 |   6620 |   4133 |   5 | 2712.2 |
         Swamp |   3279 |   3146 |    133 |   1276 |   1346 |   3 | 1093.0 |
  Orcish Mines |   5699 |   5506 |    193 |   3349 |   1347 |   2 | 2849.5 |
               +--------+--------+--------+--------+--------+-----+--------+

Top non-repeatable levels by time:
  Lair:4: 5506 daAuts
   Orc:2: 4122 daAuts
  Lair:3: 3248 daAuts
    D:13: 3152 daAuts
    D:14: 2920 daAuts
     D:6: 2185 daAuts
  Lair:1: 2175 daAuts
    D:11: 1942 daAuts
  Lair:2: 1917 daAuts
 Swamp:1: 1878 daAuts
    D:12: 1821 daAuts
     D:8: 1645 daAuts
     D:9: 1629 daAuts
   Orc:1: 1576 daAuts
    D:15: 1497 daAuts

Table legend:
 A = Non-vault XP
 B = Vault XP
 C = Vault XP percentage of total XP
 D = Non-vault monster count
 E = Vault monster count
 F = Vault count percentage of total count
                 A         B        C        D         E       F
            +---------+---------+-------+---------+---------+-------
      Total |  103104 |   53758 |  34.3 |     512 |     218 |  29.9
            +---------+---------+-------+---------+---------+-------
        D:1 |      32 |       0 |   0.0 |      17 |       0 |   0.0
        D:2 |      48 |      39 |  44.8 |      21 |      13 |  38.2
        D:3 |     132 |       0 |   0.0 |      21 |       0 |   0.0
        D:4 |     421 |     272 |  39.2 |      17 |       2 |  10.5
        D:5 |     584 |     203 |  25.8 |      16 |       1 |   5.9
        D:6 |     555 |       0 |   0.0 |      16 |       0 |   0.0
        D:7 |    1474 |     636 |  30.1 |      23 |      14 |  37.8
        D:8 |    2925 |     868 |  22.9 |      26 |       9 |  25.7
        D:9 |    1856 |     245 |  11.7 |      20 |      17 |  45.9
       D:10 |    1448 |       0 |   0.0 |      10 |       0 |   0.0
       D:11 |    4831 |       0 |   0.0 |      23 |       0 |   0.0
       D:12 |    4296 |    1686 |  28.2 |      11 |       2 |  15.4
       D:13 |    4273 |   15358 |  78.2 |      23 |      26 |  53.1
       D:14 |   13263 |    6919 |  34.3 |      23 |      10 |  30.3
       D:15 |    3637 |    5822 |  61.5 |       7 |      10 |  58.8
     Lair:1 |    6043 |       0 |   0.0 |      32 |       0 |   0.0
     Lair:2 |    2623 |    3358 |  56.1 |      10 |      30 |  75.0
     Lair:3 |    3739 |    2079 |  35.7 |      18 |      15 |  45.5
     Lair:4 |   12109 |    5817 |  32.5 |      36 |      15 |  29.4
     Lair:5 |   13105 |    1513 |  10.4 |      47 |       3 |   6.0
    Swamp:1 |   13352 |       0 |   0.0 |      24 |       0 |   0.0
    Swamp:2 |    6096 |       0 |   0.0 |      15 |       0 |   0.0
    Swamp:3 |    2363 |       0 |   0.0 |       4 |       0 |   0.0
      Orc:1 |    2835 |     982 |  25.7 |      35 |      11 |  23.9
      Orc:2 |    1064 |    7961 |  88.2 |      17 |      40 |  70.2
            +---------+---------+-------+---------+---------+-------
